 Dungeon Crawl Stone Soup version 0.26-a0-597-gb535b0901c (webtiles) character file.

Game seed: 4394209598484828043

112 Alarkh the Insei (level 4, -3/37 HPs)
             Began as a Demonspawn Monk on Sept 3, 2020.
             Slain by an orc
             ... wielding a +0 short sword
              (5 damage)
             ... on level 3 of the Dungeon.
             The game lasted 00:02:13 (2051 turns).

Alarkh the Insei (Demonspawn Monk)                  Turns: 2051, Time: 00:02:13

Health: -3/37      AC:  2    Str: 11    XL:     4   Next: 63%
Magic:  4/4        EV: 13    Int: 13    God:
Gold:   95         SH:  0    Dex: 15    Spells: 3/3 levels left

rFire    . . .     SeeInvis .     - Unarmed
rCold    . . .     Faith    .   (no shield)
rNeg     . . .     Spirit   .   a - +0 robe
rPois    .         Reflect  .   (no helmet)
rElec    .         Harm     .   (no cloak)
rCorr    .                      (no gloves)
MR       .....                  (no boots)
Stlth    ++........             (no amulet)
HPRegen  0.12/turn              (no ring)
MPRegen  0.09/turn              (no ring)

@: no status effects
A: powered by pain 1
a: no special abilities


You were on level 3 of the Dungeon.
You visited 1 branch of the dungeon, and saw 3 of its levels.

You collected 95 gold pieces.

Inventory:

Armour
 a - a +0 robe (worn)
Scrolls
 e - 2 scrolls of identify {unknown}
 f - a scroll of noise {unknown}
 g - 2 scrolls of magic mapping {unknown}
Potions
 b - a potion of brilliance
 c - a potion of stabbing {unknown}
 d - a potion of ambrosia {unknown}
 h - a potion of degeneration {unknown}


   Skills:
 + Level 3.9 Fighting
 - Level 2.6 Dodging
 - Level 1.7 Stealth
 * Level 4.3 Unarmed Combat


You had 3 spell levels left.
You didn't know any spells.
Your spell library was empty.

Dungeon Overview and Level Annotations

Branches:
Dungeon (3/15)

Altars:
Fedhas


Innate Abilities, Weirdness & Mutations

You sometimes gain a little power by taking damage.


Message History

You closely miss the orc.
The orc is severely wounded.
The orc barely misses you.
You completely miss the orc.
The orc is severely wounded.
The orc misses you.
You hit the orc but do no damage.
The orc is severely wounded.
The orc hits you but does no damage.
You closely miss the orc.
The orc is severely wounded.
The orc hits you with a +0 short sword.
* * * LOW HITPOINT WARNING * * *
You hit the orc but do no damage.
The orc is severely wounded.
The orc barely misses you.
You hit the orc but do no damage. You punch the orc.
The orc is almost dead.
The orc hits you with a +0 short sword.
You die...

### #.##
#.. ...#
#.# #..#
#.# #..#
#o# ###).#
#o# #....#
#@# #.#..#
#.###.#..#
#........#
#####.#.##
.<......#.#
#########.#
#.# ##.#
##..#


You could see 2 orcs.

Vanquished Creatures
  Terence (D:3)
  An ooze (D:1)
  2 worms
  2 dart slugs
  A leopard gecko (D:1)
  3 orcs (D:3)
  A ball python (D:1)
  6 bats
  5 giant cockroaches
  7 goblins
  8 hobgoblins
  7 jackals
  7 kobolds
  4 frilled lizards
  4 rats
59 creatures vanquished.

Vanquished Creatures (others)
  7 fungi (D:2)
  3 plants (D:2)
10 creatures vanquished.

Grand Total: 69 creatures vanquished

Notes
Turn   | Place    | Note
-------+----------+-------------------------------------------
     0 | D:1      | Alarkh the Demonspawn Monk began the quest for the Orb.
     0 | D:1      | Reached XP level 1. HP: 18/18 MP: 1/1
    57 | D:1      | Reached skill level 3 in Unarmed Combat
    61 | D:1      | Gained mutation: You sometimes gain a little power by
                  | taking damage. [demonic ancestry]
    61 | D:1      | Reached XP level 2. HP: 3/24 MP: 2/2
   514 | D:1      | Reached XP level 3. HP: 29/29 MP: 3/3
  1340 | D:2      | Found a blossoming altar of Fedhas.
  1426 | D:2      | Reached skill level 4 in Unarmed Combat
  1504 | D:2      | Reached XP level 4. HP: 37/37 MP: 4/4
  1857 | D:3      | Noticed Terence
  1869 | D:3      | Killed Terence
  2051 | D:3      | Slain by an orc

Illustrated notes

Levels and vault maps discovered:
D:1:      ncdulo_halloftheorcs, layout_basic, minmay_three_crescents
D:2:      layout_loops_ring, fedhas_altar_3
D:3:      cheibrodos_thug_alley, layout_loops_corners,
          grunt_temple_overflow_open, tso_metal_star, uniq_terence

Skill      XL: |  1  2  3 |
---------------+----------+-----
Unarmed Combat | 3 4 |  4.3
Fighting       | |  3.9
Dodging        | |  2.6
Stealth        | |  1.7

Action                   |  1- 3 |  4- 6 || total
-------------------------+-------+-------++-------
Melee: Unarmed           |   169 |    73 ||   242
       Punch             |     2 |     2 ||     4
  Use: Potion            |     4 |       ||     4
 Stab: Sleeping          |     2 |     1 ||     3
       Distracted        |     1 |       ||     1
Armor: Robe              |    32 |     3 ||    35
Dodge: Dodged            |   135 |    33 ||   168

Table legend: (Time is in decaauts)
 A = Elapsed time spent in this place.
 B = Non-inter-level travel time spent in this place.
 C = Inter-level travel time spent in this place.
 D = Time resting spent in this place.
 E = Time spent auto-exploring this place.
 F = Levels seen in this place.
 G = Mean time per level.
                   A        B        C        D        E       F      G
               +--------+--------+--------+--------+--------+-----+--------+
         Total |   2035 |   1963 |     72 |    140 |   1427 |   3 |  678.3 |
       Dungeon |   2035 |   1963 |     72 |    140 |   1427 |   3 |  678.3 |
               +--------+--------+--------+--------+--------+-----+--------+

Top non-repeatable levels by time:
     D:2: 952 daAuts
     D:1: 857 daAuts
     D:3: 225 daAuts
